Map: Neon Violet Square LE

Players

Scarlett - Winner!

  • Race: Zerg Zerg
  • Spawn Location: 5:00

Stephano

  • Race: Zerg Zerg
  • Spawn Location: 11:00

Event: WCS Leipzig 2018

VOD

Have the link to the VOD?

Description

Time

  • Played on: Jan. 26, 2018, 1:32 p.m.
  • Length: 12:06

All games in this series

Show
View Real Time Build Order
Export as new Build Order

Scarlett Zerg - Winner!

Build Orders: Hatch First, Muta Ling Bane 

Get SALT Encoding   

  12  0:00  Drone  
  13  0:12  Overlord  
  13  0:17  Drone  
  14  0:30  Drone  
  14  0:31  Drone  
  14  0:34  Drone  
  17  0:51  Hatchery  
  17  0:55  Drone  
  17  0:58  Drone  
  18  1:05  Extractor  
  17  1:13  Spawning Pool  
  17  1:17  Drone  
  17  1:19  Drone  
  18  1:28  Drone  
  19  1:39  Drone  
  20  1:50  Overlord  
  20  2:00  Queen  
  22  2:03  Drone, Queen  
  22  2:04  Drone  
  22  2:06  Metabolic Boost  
  26  2:11  Drone  
  26  2:14  Drone  
  28  2:22  Drone  
  29  2:25  Drone  
  30  2:33  Zergling x2  
  31  2:37  Zergling x2  
  31  2:41  Hatchery  
  31  2:45  Overlord  
  31  2:52  Queen  
  33  2:59  Drone x2  
  35  3:05  Drone  
  35  3:06  Drone  
  35  3:10  Drone x3  
  40  3:14  Drone x2  
  42  3:22  Baneling Nest  
  42  3:23  Overlord  
  42  3:26  Zergling x2  
  42  3:29  Drone  
  43  3:35  Zergling x2  
  44  3:44  Zergling x2  
  44  3:45  Zergling x8  
  44  3:47  Queen  
  51  3:49  Overlord  
  51  3:50  Drone  
  51  3:53  Extractor  
  51  3:57  Lair  
  51  4:07  Baneling x2  
  51  4:08  Queen  
  50  4:10  Zergling x4  
  50  4:11  Drone x2  
  50  4:12  Drone  
  50  4:14  Drone  
  56  4:21  Baneling  
  56  4:23  Drone x4  
  53  4:32  Zergling x8  
  55  4:38  Queen  
  55  4:39  Extractor  
  55  4:43  Drone x2  
  55  4:44  Drone x3  
  61  4:48  Overlord  
  61  4:50  Drone x2  
  63  4:57  Zergling x4  
  65  5:03  Spire  
  65  5:05  Baneling, Zergling x4  
  65  5:06  Baneling  
  66  5:14  Baneling x2  
  66  5:17  Drone  
  66  5:18  Drone x4, Overseer  
  66  5:19  Overlord  
  71  5:22  Extractor  
  71  5:27  Drone x4  
  73  5:38  Drone  
  73  5:39  Drone x6  
  79  5:49  Drone  
  80  5:50  Drone, Overlord x2  
  80  5:52  Extractor  
  80  5:54  Drone, Extractor  
  80  5:55  Overlord  
  80  5:58  Overlord  
  80  6:05  Overlord  
  80  6:07  Overlord  
  80  6:15  Spine Crawler, Mutalisk x5  
  89  6:21  Drone x2  
  89  6:22  Drone x4  
  95  6:27  Zerg Flyer Weapons Level 1  
  95  6:32  Drone  
  96  6:37  Drone  
  96  6:38  Drone  
  98  6:40  Hatchery, Mutalisk x2  
  98  6:44  Mutalisk x2  
  105  6:50  Overseer  
  105  6:53  Pneumatized Carapace  
  105  6:56  Drone  
  106  7:02  Extractor  
  106  7:03  Mutalisk  
  106  7:04  Extractor, Mutalisk, Evolution Chamber  
  107  7:11  Mutalisk  
  107  7:14  Drone  
  107  7:15  Drone x5  
  115  7:18  Drone x2  
  115  7:19  Mutalisk  
  118  7:32  Zerg Melee Weapons Level 1  
  118  7:33  Centrifical Hooks  
  117  7:38  Hatchery  
  117  7:42  Mutalisk  
  117  7:44  Zergling x22  
  126  7:54  Mutalisk x2  
  126  7:55  Overlord  
  126  7:56  Overlord x2  
  128  8:00  Mutalisk  
  128  8:01  Mutalisk  
  133  8:05  Zergling x4  
  133  8:06  Zergling x2  
  135  8:12  Overlord  
  135  8:13  Overlord x2  
  135  8:21  Mutalisk x4  
  143  8:29  Mutalisk x2  
  143  8:31  Zergling x12  
  153  8:40  Mutalisk x2  
  157  8:41  Zergling x2  
  158  8:49  Overlord  
  158  8:50  Overlord  
  158  9:02  Zergling x14  
  157  9:03  Overseer  
  157  9:05  Zerg Flyer Weapons Level 2  
  153  9:10  Baneling  
  153  9:11  Baneling x9  
  153  9:12  Baneling x8  
  153  9:13  Baneling x3  
  153  9:18  Mutalisk  
  153  9:19  Zergling x2  
  153  9:20  Zergling x18  
  165  9:26  Zergling x8  
  139  9:57  Mutalisk x8  
  139  9:59  Zergling x12  
  157  10:00  Zergling x6  
  157  10:10  Mutalisk x3  
  161  10:17  Zergling x22  
  171  10:23  Overseer  
  160  10:29  Mutalisk x2  
  145  10:40  Mutalisk x2  
  139  10:45  Mutalisk  
  139  10:46  Zergling x2  
  139  10:47  Zergling x18  
  134  10:53  Mutalisk  
  134  10:55  Zergling x2  
  134  10:56  Zergling x8  
  113  11:46  Drone x3  
  111  11:48  Drone x13  
  124  12:04  Spine Crawler  
Show
View Real Time Build Order
Export as new Build Order

Stephano Zerg 

Build Orders: Hatch First, Zergling Baneling 

Get SALT Encoding   

  12  0:00  Drone  
  13  0:13  Overlord  
  13  0:18  Drone  
  14  0:31  Drone x2  
  14  0:35  Drone  
  17  0:53  Hatchery  
  17  0:55  Drone  
  17  0:59  Drone  
  18  1:10  Extractor  
  17  1:14  Spawning Pool  
  17  1:16  Drone  
  17  1:20  Drone  
  18  1:29  Drone  
  19  1:40  Overlord  
  19  1:50  Drone  
  20  2:01  Queen  
  20  2:02  Zergling x2  
  20  2:04  Queen  
  20  2:05  Drone  
  26  2:09  Metabolic Boost  
  26  2:13  Drone  
  27  2:17  Drone  
  27  2:22  Drone  
  29  2:27  Drone  
  30  2:35  Baneling Nest  
  29  2:37  Drone x2  
  29  2:39  Queen  
  33  2:44  Zergling x2  
  33  2:50  Overlord  
  34  2:58  Drone  
  35  3:00  Drone  
  36  3:09  Zergling x6  
  36  3:11  Drone  
  36  3:12  Drone x3  
  43  3:14  Overlord  
  43  3:19  Baneling  
  42  3:20  Baneling x2  
  42  3:23  Drone  
  43  3:27  Overlord  
  43  3:38  Zergling x4, Hatchery  
  44  3:43  Zergling x2  
  44  3:44  Zergling x4  
  47  3:49  Baneling  
  47  3:50  Drone  
  47  3:51  Drone  
  49  3:56  Drone x2  
  51  4:05  Baneling  
  51  4:06  Baneling  
  51  4:07  Drone, Zergling x4  
  51  4:08  Drone  
  51  4:09  Extractor  
  54  4:12  Evolution Chamber  
  53  4:22  Drone  
  54  4:30  Zergling x4  
  54  4:31  Zergling x6  
  55  4:38  Extractor, Zerg Missile Weapons Level 1  
  53  4:39  Drone x2  
  53  4:41  Baneling x2, Roach Warren  
  53  4:42  Drone x2  
  53  4:43  Drone  
  57  4:48  Drone  
  57  4:51  Drone x2, Evolution Chamber  
  59  5:00  Drone x2, Lair  
  59  5:06  Drone x3  
  59  5:07  Drone  
  64  5:14  Overlord  
  64  5:15  Drone  
  64  5:18  Overlord  
  64  5:21  Overlord  
  64  5:23  Drone  
  64  5:25  Zerg Ground Armor Level 1  
  65  5:29  Overlord x2  
  65  5:36  Roach x2  
  65  5:37  Roach x2  
  65  5:38  Overlord  
  65  5:40  Overlord  
  65  5:42  Drone x2  
  74  5:48  Spine Crawler  
  73  5:53  Drone x5, Overlord  
  73  5:55  Drone  
  73  5:56  Drone  
  79  5:57  Drone  
  79  5:58  Drone  
  79  6:00  Unknown, Extractor  
  79  6:03  Hydralisk Den  
  78  6:11  Overlord  
  78  6:12  Drone x4  
  78  6:18  Drone x2  
  83  6:19  Pneumatized Carapace  
  83  6:20  Extractor  
  83  6:23  Spore Crawler  
  83  6:24  Spore Crawler  
  83  6:25  Drone x2, Extractor  
  80  6:31  Spore Crawler  
  80  6:33  Hydralisk x2, Muscular Augments  
  80  6:37  Hydralisk  
  86  6:41  Hydralisk  
  86  6:43  Drone x3  
  86  6:45  Hydralisk  
  93  6:48  Drone x3  
  93  6:49  Spore Crawler  
  95  6:55  Zerg Missile Weapons Level 2  
  95  6:59  Drone x2  
  97  7:03  Hydralisk  
  97  7:04  Hydralisk x2  
  103  7:11  Drone x2  
  104  7:16  Glial Reconstitution  
  104  7:18  Hydralisk x2  
  108  7:25  Hatchery  
  108  7:28  Hydralisk x4  
  115  7:30  Overlord  
  115  7:36  Roach x3  
  115  7:37  Roach  
  119  7:44  Roach x3  
  119  7:45  Roach  
  119  7:46  Unknown  
  127  7:54  Hatchery  
  127  7:55  Roach x3  
  127  7:56  Roach x2, Overlord  
  137  8:00  Overlord  
  137  8:03  Overlord  
  137  8:06  Burrow  
  137  8:16  Unknown  
  137  8:18  Extractor  
  136  8:22  Spore Crawler  
  136  8:26  Hydralisk x2  
  136  8:27  Hydralisk x4  
  141  8:35  Tunneling Claws  
  141  8:40  Infestation Pit  
  138  8:45  Hydralisk x4  
  140  8:51  Roach x2  
  140  8:56  Roach x3  
  140  9:01  Roach x3  
  140  9:04  Roach  
  140  9:09  Roach x3  
  150  9:10  Roach  
  150  9:12  Queen  
  152  9:18  Roach x4  
  152  9:20  Extractor  
  152  9:21  Extractor  
  152  9:24  Overlord  
  158  9:34  Extractor, Spore Crawler  
  153  9:41  Hydralisk  
  153  9:42  Hydralisk x6  
  138  9:46  Roach x3  
  138  9:51  Hydralisk x2  
  140  9:58  Roach  
  140  9:59  Roach x6  
  128  10:00  Hydralisk x3  
  128  10:03  Roach x2  
  128  10:04  Roach  
  128  10:05  Roach x3  
  123  10:10  Hydralisk x2  
  115  10:15  Hydralisk  
  115  10:16  Hydralisk  
  115  10:19  Roach  
  115  10:20  Roach x4, Hydralisk  
  115  10:21  Roach x2  
  121  10:23  Zergling x2  
  121  10:26  Hydralisk  
  118  10:30  Hydralisk  
  118  10:32  Roach x3  
  116  10:36  Roach  
  116  10:37  Roach x4  
  116  10:38  Roach  
  116  10:40  Hydralisk  
  116  10:41  Hydralisk  
  97  10:50  Spore Crawler  
  97  10:52  Roach x4  
  93  10:57  Roach  
  93  10:58  Roach, Hydralisk x3  
  93  11:00  Spore Crawler  
  78  11:10  Roach x2  
  66  11:20  Roach x7  
  66  11:23  Infestor  
  68  11:28  Roach  
  68  11:30  Roach x2  
  68  11:31  Roach  
Tags
 
Add a new tag
Caveats
  • Supply blocks, unpowered buildings, or Contaminate may cause inaccurate times.
  • Supply counts are checked every 10 seconds.